Map: New Repugnancy LE

Players

Mesrob - Winner!

  • Race: Terran Terran
  • League: Platinum
  • Spawn Location: 1:00

FreeLancer

  • Race: Protoss Protoss
  • Spawn Location: 7:00

VOD

Have the link to the VOD?

Description

Time

  • Played on: July 13, 2019, noon
  • Length: 9:56
Show
View Real Time Build Order
Export as new Build Order

Mesrob Terran - Winner!

Build Orders: 2 Factory, Reaper Expand 

Get SALT Encoding   

  12  0:00  SCV  
  13  0:12  SCV  
  14  0:17  Supply Depot  
  14  0:24  SCV  
  15  0:38  SCV  
  15  0:40  Barracks  
  16  0:45  Refinery  
  16  0:51  SCV  
  17  1:03  SCV  
  18  1:15  SCV  
  19  1:27  Orbital Command  
  19  1:43  Command Center  
  19  1:50  Supply Depot  
  19  1:57  Refinery  
  19  2:00  Reaper  
  20  2:03  SCV  
  21  2:15  Factory  
  21  2:23  SCV  
  22  2:35  SCV  
  23  2:39  Supply Depot  
  23  2:44  Barracks Reactor  
  23  2:46  Factory  
  23  2:47  SCV  
  24  2:59  SCV  
  25  3:06  Orbital Command  
  25  3:11  SCV  
  26  3:24  SCV  
  27  3:29  Hellion x2  
  31  3:35  Factory Tech Lab  
  31  3:43  SCV  
  31  3:44  SCV  
  33  3:49  Engineering Bay  
  33  3:51  Armory  
  33  3:55  SCV  
  34  3:56  SCV, Cyclone  
  34  3:58  Hellion  
  34  3:59  Hellion  
  42  4:06  Refinery  
  42  4:07  SCV  
  42  4:09  SCV  
  44  4:19  Hellion, SCV  
  44  4:21  Hellion  
  49  4:28  Cyclone  
  52  4:34  Supply Depot  
  52  4:39  Supply Depot  
  52  4:40  Supply Depot, Terran Vehicle Weapons Level 1  
  52  4:42  Mag-Field Accelerator  
  52  4:46  Hellion  
  54  5:00  Supply Depot  
  54  5:04  Cyclone  
  54  5:06  Hellion  
  59  5:07  Hellion  
  61  5:16  SCV  
  61  5:20  Command Center  
  62  5:21  SCV  
  62  5:28  SCV  
  64  5:29  Hellion  
  64  5:30  Hellion  
  64  5:33  SCV  
  69  5:36  Cyclone  
  69  5:40  SCV  
  69  5:41  Supply Depot  
  73  5:51  Hellion  
  75  6:02  Hellion  
  77  6:04  SCV  
  77  6:05  SCV  
  77  6:08  Cyclone  
  82  6:16  SCV  
  82  6:17  SCV  
  84  6:25  Hellion x2  
  88  6:32  Factory  
  88  6:33  Factory x2  
  88  6:35  Factory  
  88  6:41  Cyclone  
  88  6:46  Hellion  
  88  6:47  Hellion  
  95  6:52  Orbital Command  
  95  6:53  SCV x2  
  97  7:05  SCV  
  97  7:06  SCV  
  99  7:10  Terran Vehicle And Ship Armor Level 1  
  99  7:13  Cyclone  
  102  7:16  Factory, Armory  
  102  7:20  Refinery  
  102  7:24  Refinery  
  102  7:26  Refinery  
  102  7:28  Supply Depot, SCV  
  103  7:30  SCV x2  
  103  7:32  Factory Tech Lab, Factory Reactor  
  103  7:34  Factory Tech Lab x2  
  105  7:39  Hellion x2  
  109  7:49  SCV, Cyclone  
  109  7:50  Factory, Supply Depot  
  113  7:59  SCV  
  113  8:00  Hellion, SCV  
  117  8:11  SCV, Cyclone x2  
  117  8:12  SCV  
  125  8:13  Supply Depot  
  124  8:20  Supply Depot  
  124  8:21  Supply Depot  
  124  8:23  SCV  
  124  8:26  Hellion x3  
  131  8:28  Hellion  
  131  8:29  SCV  
  134  8:36  Factory  
  134  8:37  Supply Depot  
  134  8:41  SCV x3  
  135  8:42  Missile Turret  
  135  8:44  Supply Depot x2  
  137  8:53  SCV x2  
  137  8:54  SCV, Cyclone  
  137  8:55  Cyclone  
  146  8:59  Factory Reactor  
  146  9:03  Supply Depot  
  125  9:25  Factory Reactor  
  125  9:26  Factory Tech Lab  
  125  9:28  Supply Depot  
  125  9:29  Hellion x2  
Show
View Real Time Build Order
Export as new Build Order

FreeLancer Protoss 

Build Orders: Zealot Archon 

Get SALT Encoding   

  12  0:14  Pylon  
  12  0:24  Probe  
  13  0:34  Gateway  
  13  0:41  Probe  
  14  0:50  Assimilator  
  14  0:52  Probe  
  15  1:00  Probe  
  16  1:12  Probe  
  17  1:27  Probe  
  19  1:40  Probe  
  19  1:41  Cybernetics Core  
  19  1:54  Zealot  
  19  2:00  Warp Gate  
  21  2:03  Pylon  
  21  2:06  Probe  
  22  2:18  Probe, Gateway  
  22  2:21  Zealot  
  25  2:26  Forge  
  25  2:30  Probe  
  26  2:42  Probe  
  27  2:45  Assimilator  
  27  2:51  Protoss Ground Weapons Level 1  
  27  3:04  Nexus  
  27  3:22  Probe  
  28  3:40  Twilight Council  
  27  3:57  Pylon  
  27  4:00  Zealot  
  29  4:03  Zealot  
  31  4:17  Charge  
  31  4:28  Robotics Facility  
  31  4:34  Pylon  
  31  4:50  Protoss Ground Armor Level 1  
  31  4:51  Probe  
  32  4:57  Stalker  
  32  4:59  Stalker  
  36  5:03  Probe  
  37  5:11  Templar Archives  
  37  5:15  Probe  
  38  5:24  Probe  
  38  5:27  Probe  
  40  5:30  Sentry, Zealot  
  44  5:36  Probe  
  44  5:39  Probe  
  46  5:46  Gateway  
  46  5:47  Gateway  
  46  5:48  Gateway  
  46  5:55  Probe  
  47  5:57  Probe  
  47  6:03  Zealot  
  50  6:07  Psionic Storm, Probe  
  51  6:16  Assimilator  
  51  6:22  Immortal  
  59  7:01  Assimilator, Immortal  
  59  7:05  Zealot  
  61  7:13  Pylon  
  61  7:15  Pylon  
  61  7:17  Pylon  
  61  7:34  High Templar x3  
  67  7:40  Archon  
  67  7:50  Zealot x2  
  71  8:01  Probe x2  
  73  8:13  Probe x2  
  73  8:18  Nexus  
  75  8:25  Probe  
  76  8:41  Pylon  
  76  8:45  Pylon, Observer  
  77  8:50  Pylon x2  
  77  8:53  Probe x2  
  79  9:05  Probe x2  
  53  9:17  Probe x2  
  53  9:24  High Templar  
  47  9:25  High Templar x4  
  54  9:37  Archon x2  
Tags
 
Add a new tag
Caveats
  • Supply blocks, unpowered buildings, or Contaminate may cause inaccurate times.
  • Supply counts are checked every 10 seconds.